 Dungeon Crawl Stone Soup version 0.27.0-1-g7a089689b8 (webtiles) character file.

Game seed: 18040200858317463111

245 Smaepdii the Stinger (level 6, -1/41 HPs)
             Began as a Merfolk Venom Mage on Aug 15, 2021.
             Killed from afar by an orc wizard (5 damage)
             ... with a puff of flame
             ... on level 3 of the Dungeon on Aug 16, 2021.
             The game lasted 00:20:19 (3813 turns).

Smaepdii the Stinger (Merfolk Venom Mage)           Turns: 3813, Time: 00:20:20

Health: -1/41      AC:  2    Str:  9    XL:     6   Next: 10%
Magic:  1/9        EV: 12    Int: 15    God:
Gold:   60         SH:  0    Dex: 15    Spells: 6/9 levels left

rFire    . . .     SeeInvis .   b - +0 dagger
rCold    . . .     Faith    .   (no shield)
rNeg     . . .     Spirit   .   a - +0 robe
rPois    .         Reflect  .   (no helmet)
rElec    .         Harm     .   (no cloak)
rCorr    .         Rampage  .   (no gloves)
Will     .....                  (no boots)
Stlth    ++........             (no amulet)
HPRegen  0.13/turn              (no ring)
MPRegen  0.11/turn              (no ring)

@: very slightly contaminated
A: (nimble swimmer 2), mertail
a: no special abilities


You were on level 3 of the Dungeon.
You visited 1 branch of the dungeon, and saw 3 of its levels.

You collected 60 gold pieces.

Inventory:

Hand Weapons
 b - a +0 dagger (weapon)
Missiles
 d - 18 poisoned darts
 e - 5 javelins
Armour
 a - a +0 robe (worn)
Scrolls
 c - 2 scrolls of summoning {unknown}
 g - a scroll of fog {unknown}
 i - 2 scrolls of identify {unknown}
 j - 2 scrolls of amnesia {unknown}
Potions
 f - a potion of curing {unknown}
 h - 3 potions of heal wounds {unknown}
 k - a potion of haste {unknown}


   Skills:
 - Level 2.6 Dodging
 - Level 2.1 Stealth
 - Level 2.0 Spellcasting
 - Level 1.3 Transmutations
 * Level 7.3 Poison Magic


You had 6 spell levels left.
You knew the following spells:

 Your Spells              Type           Power      Damage    Failure   Level
a - Sting                 Tmut/Pois      56%        1d5       3%          1
b - Poisonous Vapours     Pois/Air       24%        N/A       8%          2

Your spell library contained the following spells:

 Spells                   Type           Power      Damage    Failure   Level
 Olgreb's Toxic Radiance  Pois           23%        N/A       11%         4
 Magic Dart               Conj           4%         1d3       22%         1
 Mephitic Cloud           Conj/Pois/Air  8%         N/A       24%         3
 Searing Ray              Conj           2%         3d3       32%         2
 Fulminant Prism          Conj/Hex       0%         3d6       91%         4
 Iskenderun's Mystic Bla  Conj/Tloc      1%         2d3       91%         4
 Lee's Rapid Deconstruct  Erth           0%         3d5*      99%         5


Dungeon Overview and Level Annotations

Branches:
Dungeon (3/15)

Altars:
Makhleb
Yredelemnul


Innate Abilities, Weirdness & Mutations

((You are quick and stealthy near water. (Stealth+, EV+, Speed+++)))
Your lower body shifts to a powerful aquatic tail in water.


Message History

You feel less confused. Something hits you.
* * * LOW HITPOINT WARNING * * *
You hear some strange, mumbled words.
Something tries to affect you, but you resist.
Casting: Sting (safe; 3% risk of failure)
Confirm with . or Enter, or press ? or * to list all spells.
Aiming: Sting (safe; 3% risk of failure)
Press: ? - help, Shift-Dir - straight line, f - orc wizard
Aim: an orc wizard, wielding a +0 dagger and wearing a +0 robe (64% to hit)
The sting misses the orc wizard.
Casting: Sting (safe; 3% risk of failure)
Confirm with . or Enter, or press ? or * to list all spells.
Aiming: Sting (safe; 3% risk of failure)
Press: ? - help, Shift-Dir - straight line, f/p - orc wizard
Aim: an orc wizard, wielding a +0 dagger and wearing a +0 robe (64% to hit)
You miscast Sting.
You are very lightly contaminated with residual magic.
Nothing appears to happen.
The orc wizard hits you with a +0 dagger.
* * * LOW HITPOINT WARNING * * *
Casting: Sting (safe; 3% risk of failure)
Confirm with . or Enter, or press ? or * to list all spells.
Aiming: Sting (safe; 3% risk of failure)
Press: ? - help, Shift-Dir - straight line, f/p - orc wizard
Aim: an orc wizard, wielding a +0 dagger and wearing a +0 robe (64% to hit)
The sting hits the orc wizard but does no damage.
The orc wizard is poisoned.
The orc wizard hits you with a +0 dagger.
* * * LOW HITPOINT WARNING * * *
Casting: Sting (safe; 3% risk of failure)
Confirm with . or Enter, or press ? or * to list all spells.
Aiming: Sting (safe; 3% risk of failure)
Press: ? - help, Shift-Dir - straight line, f/p - orc wizard
Aim: an orc wizard, wielding a +0 dagger and wearing a +0 robe (lightly wounded, poisoned, 64% to hit)
The sting hits the orc wizard.
The orc wizard looks even sicker.
The orc wizard is moderately wounded.
The orc wizard casts a spell at you. The puff of flame hits you.
You die...

.##[#####.#####.##.##.......#
.##.......# ##.##..........##
.########## #......######...#
.### #..###.# #...# ...#
#..###.## #...#### ##.########
#.......# #.......
#.##.....####..#.#..#####...#...
##.##.............#..............
...##......###.#@...)............
#####.....###.###o##.............
# #.....##.## ##...#####....... #
#########.###.#### #...#### #
####.#.## #...# # # ##.###.##
#...# # ##########...##.######
#...# ## #....................#
##.## #.
#.######........####.######.# #.


You could see an orc wizard (very poisoned).

Vanquished Creatures
  An orc priest (D:3)
  Natasha (thrice) (D:3)
  An orc wizard (D:3)
  5 adders
  A worm (D:3)
  A dart slug (D:3)
  2 orcs (D:3)
  2 bats
  4 endoplasms
  4 giant cockroaches
  4 goblins
  9 hobgoblins
  4 jackals (D:3)
  2 quokkas
  4 ball pythons
  2 frilled lizards (D:1)
  7 kobolds
  13 rats
69 creatures vanquished.

Notes
Turn   | Place    | Note
-------+----------+-------------------------------------------
     0 | D:1      | Smaepdii the Merfolk Venom Mage began the quest for the
                  | Orb.
     0 | D:1      | Reached XP level 1. HP: 13/13 MP: 3/3
   221 | D:1      | Reached XP level 2. HP: 9/19 MP: 0/5
   386 | D:1      | Reached skill level 4 in Poison Magic
   630 | D:1      | Learned a level 2 spell: Poisonous Vapours
  1061 | D:2      | Reached XP level 3. HP: 24/24 MP: 4/6
  1370 | D:2      | Reached skill level 5 in Poison Magic
  1475 | D:2      | Reached XP level 4. HP: 18/30 MP: 2/7
  2106 | D:2      | Found a faded altar of an unknown god.
  2118 | D:2      | Found a basalt altar of Yredelemnul.
  2388 | D:3      | Noticed Natasha
  2398 | D:3      | Killed Natasha
  2538 | D:3      | Noticed Natasha
  2552 | D:3      | Killed Natasha
  2553 | D:3      | Reached skill level 6 in Poison Magic
  2553 | D:3      | Reached XP level 5. HP: 34/35 MP: 5/8
  2718 | D:3      | Found a burning altar of Makhleb.
  2815 | D:3      | Noticed Natasha
  2917 | D:3      | Killed Natasha
  3684 | D:3      | Reached skill level 7 in Poison Magic
  3753 | D:3      | Reached XP level 6. HP: 23/41 MP: 2/9
  3761 | D:3      | HP: 1/41 [orc (2)]
  3813 | D:3      | Killed from afar by an orc wizard

Illustrated notes

Levels and vault maps discovered:
D:1:      nzn_arrival_settlement, layout_rooms, minmay_tiny_reverse_x
D:2:      layout_rooms, hellmonk_ecumenical_altar_inner_sanctum, basic_altar
D:3:      layout_loops_cross, lemuel_round_altar, mainiacjoe_overflow_brackets,
          uniq_natasha

Skill      XL: |  1  2  3  4  5 |
---------------+----------------+-----
Poison Magic   | 4 5 6 7 |  7.3
Dodging        | |  2.6
Stealth        | |  2.1
Spellcasting   | |  2.0
Transmutations | |  1.3

Action                   |  1- 3 |  4- 6 || total
-------------------------+-------+-------++-------
Melee: Dagger            |    17 |    23 ||    40
 Cast: Sting             |    33 |    49 ||    82
       Poisonous Vapours |    15 |    32 ||    47
Armor: Robe              |     8 |     7 ||    15
Dodge: Dodged            |    24 |    23 ||    47
